[Event "Titled Tuesday Blitz June 20 Early 2023"]
[White "Buchenau, Frank"]
[Black "Ilkhomi, Jaloliddin"]
[WhiteFideId "4604350"]
[BlackFideId "14700948"]
[WhiteElo "2157"]
[BlackElo "2045"]
[Result "0-1"]
[Round "6"]
[TimeControl "180+2"]
[Date "2023.06.20"]
[WhiteClock "0:00:07"]
[BlackClock "0:00:06"]
[Board "128"]

1. e4 c6 2. Nf3 d5 3. Nc3 Bg4 4. d4 dxe4 5. Nxe4 Nf6 6. Nxf6+ exf6 7. Be2 Bd6 8. h3 Bh5 9. Nh4 Bg6 10. O-O O-O 11. Nxg6 hxg6 12. Re1 g5 13. Bd3 g6 14. c4 Kg7 15. Bd2 Nd7 16. Bc3 c5 17. Be4 Rb8 18. dxc5 Nxc5 19. Bd5 Nd7 20. Qd2 Be5 21. Rad1 Bxc3 22. Qxc3 Qb6 23. b4 Ne5 24. c5 Qc7 25. Be4 g4 26. Rd6 gxh3 27. Qxh3 Rbd8 28. Red1 Rxd6 29. Rxd6 f5 30. Qc3 Re8 31. Bd5 f6 32. f4 Ng4 33. Bf3 Qe7 34. Bxg4 fxg4 35. Qd2 Qe4 36. Rd7+ Kh6 37. f5+ g5 38. Rf7 Qxf5 39. Rxb7 g3 40. Rd7 Qb1+ 41. Qd1 Re1+ 0-1


[Site "https://www.chess.com"]

[Event "Titled Tuesday Blitz June 20 Early 2023"]
[White "Ramirez Vido, Robert Yorisan"]
[Black "Mendez Fortes, Eduardo Jesus"]
[WhiteFideId "3513823"]
[BlackFideId "3502376"]
[WhiteElo "2411"]
[BlackElo "2307"]
[Result "0-1"]
[Round "6"]
[TimeControl "180+2"]
[Date "2023.06.20"]
[WhiteClock "0:00:00"]
[BlackClock "0:00:04"]
[Board "129"]

1. Nf3 d5 2. g3 Nf6 3. Bg2 e6 4. O-O Be7 5. d3 O-O 6. Nbd2 c5 7. e4 Nc6 8. Re1 b5 9. exd5 exd5 10. d4 c4 11. c3 h6 12. Ne5 Bb7 13. a4 b4 14. Ndxc4 bxc3 15. bxc3 Rc8 16. Nxc6 Rxc6 17. Na5 Qxa5 18. Rxe7 Ba6 19. Bd2 Bc4 20. Qb1 Rb6 21. Qf5 Qa6 22. g4 Rfb8 23. g5 Bd3 24. Qf4 hxg5 25. Qxg5 Ne4 26. Qf4 Rb1+ 27. Be1 Qg6 28. Rxb1 Rxb1 29. Re8+ Kh7 30. Qe3 Qh6 31. Bxe4+ dxe4 32. Qxh6+ gxh6 33. Re7 Rxe1+ 34. Kg2 Kg6 35. Rxa7 Be2 36. d5 Bf3+ 37. Kg3 Kg5 38. h4+ Kg6 39. d6 Rd1 40. d7 Kf6 41. c4 Ke7 42. c5 Rxd7 43. Ra6 Rc7 44. Rxh6 Rxc5 0-1


[Site "https://www.chess.com"]

[Event "Titled Tuesday Blitz June 20 Early 2023"]
[White "Ai, Evan"]
[Black "Krishnan, Varun"]
[WhiteFideId "2094770"]
[BlackFideId "5054508"]
[WhiteElo "1963"]
[BlackElo "2559"]
[Result "1-0"]
[Round "6"]
[TimeControl "180+2"]
[Date "2023.06.20"]
[WhiteClock "0:00:20"]
[BlackClock "0:00:02"]
[Board "130"]

1. e4 c5 2. Nf3 d6 3. d4 cxd4 4. Nxd4 Nf6 5. Nc3 a6 6. f3 e5 7. Nb3 Be6 8. Be3 Nbd7 9. Qd2 Be7 10. O-O-O b5 11. g4 Nb6 12. g5 Nfd7 13. Nd5 Nxd5 14. exd5 Bf5 15. Na5 Qc7 16. Nc6 Nb8 17. Nxe7 Qxe7 18. Bd3 Bxd3 19. Qxd3 Nd7 20. f4 O-O 21. f5 e4 22. Qd4 Qe5 23. f6 g6 24. Qxe5 Nxe5 25. Bf4 Rfe8 26. Rhe1 Rac8 27. Kb1 Nc4 28. Re2 Rc5 29. b3 Nb6 30. Bxd6 Rxd5 31. Rxd5 Nxd5 32. Kb2 b4 33. Be7 Nc3 34. Re1 e3 35. Bxb4 Nd5 36. Bc5 e2 37. Kc1 Nf4 38. Kd2 Rd8+ 39. Kc1 Re8 40. Be7 Rc8 41. Kd2 Rc6 42. c4 Re6 43. c5 Re5 44. c6 Rd5+ 45. Ke3 Ng2+ 46. Kxe2 Re5+ 47. Kd2 Nxe1 48. c7 Nf3+ 49. Kd3 Rd5+ 50. Ke4 Rd4+ 51. Kxf3 Rd3+ 52. Ke4 Rc3 53. Bd6 h5 54. Kd5 h4 55. Bc5 Rd3+ 56. Kc4 1-0


[Site "https://www.chess.com"]

[Event "Titled Tuesday Blitz June 20 Early 2023"]
[White "Fiedorek, Michal"]
[Black "Demin, Vladimir"]
[WhiteFideId "1199528"]
[BlackFideId "4167457"]
[WhiteElo "2135"]
[BlackElo "2552"]
[Result "1-0"]
[Round "6"]
[TimeControl "180+2"]
[Date "2023.06.20"]
[WhiteClock "0:00:31"]
[BlackClock "0:00:38"]
[Board "131"]

1. e4 e5 2. Nf3 Nc6 3. Bc4 Bc5 4. c3 Nf6 5. d3 d6 6. O-O O-O 7. a4 a6 8. h3 h6 9. Nbd2 Re8 10. Re1 Ba7 11. b4 Be6 12. Bxe6 Rxe6 13. Nc4 d5 14. exd5 Nxd5 15. Qc2 Qe8 16. Bd2 b5 17. axb5 axb5 18. Na5 Nxa5 19. Rxa5 Bb6 20. Rxa8 Qxa8 21. c4 bxc4 22. dxc4 Nf4 23. Bxf4 exf4 24. Rxe6 fxe6 25. c5 Ba7 26. Qc4 Qd5 27. Qxd5 exd5 28. Ne5 d4 29. Kf1 Kf8 30. Nc6 d3 31. Ke1 f3 32. gxf3 Bxc5 33. bxc5 Kf7 34. Ne5+ Ke6 35. Nxd3 Kd5 36. Ke2 Kd4 37. Kd2 h5 38. Ke2 h4 39. Kd2 g6 40. Ke2 c6 41. Kd2 Kc4 42. Ke3 Kc3 43. Ne5 Kb4 44. Nxc6+ Kxc5 45. Ne7 g5 46. f4 g4 47. hxg4 Kd6 48. Nf5+ Ke6 49. Nxh4 Kf6 50. Nf3 1-0


[Site "https://www.chess.com"]

[Event "Titled Tuesday Blitz June 20 Early 2023"]
[White "Suarez Uriel, Adrian"]
[Black "Fonseca Manrique, Enrique"]
[WhiteFideId "22230874"]
[BlackFideId "5114330"]
[WhiteElo "2331"]
[BlackElo "2541"]
[Result "1-0"]
[Round "6"]
[TimeControl "180+2"]
[Date "2023.06.20"]
[WhiteClock "0:02:33"]
[BlackClock "0:02:17"]
[Board "132"]

1. e4 c5 2. Ne2 e6 3. d4 cxd4 4. Nxd4 Nc6 5. Nc3 Qc7 6. Be3 a6 7. Qf3 b5 8. Qg3 Qxg3 9. hxg3 Bb7 10. f3 Nge7 11. O-O-O Ne5 12. Kb1 f6 13. g4 d5 14. Nxe6 1-0


[Site "https://www.chess.com"]

[Event "Titled Tuesday Blitz June 20 Early 2023"]
[White "Kochiev, Ivan"]
[Black "Goldin, Roman"]
[WhiteFideId "2917890"]
[BlackFideId "2803860"]
[WhiteElo "2287"]
[BlackElo "2312"]
[Result "1-0"]
[Round "6"]
[TimeControl "180+2"]
[Date "2023.06.20"]
[WhiteClock "0:00:55"]
[BlackClock "0:00:00"]
[Board "133"]

1. e4 Nc6 2. Nf3 e5 3. Bc4 Nf6 4. d3 Be7 5. c3 O-O 6. O-O a6 7. Bb3 d5 8. exd5 Nxd5 9. h3 Bf5 10. Re1 Nb6 11. Nxe5 Nxe5 12. Rxe5 Bg6 13. d4 c5 14. Re1 cxd4 15. cxd4 Bd6 16. Nc3 Qh4 17. Be3 Rad8 18. Qf3 Rd7 19. Rad1 Bh5 20. g4 Bg6 21. Ne2 h5 22. Nf4 Bxf4 23. Bxf4 Rfd8 24. Bg3 Qg5 25. Re5 Qf6 26. Qe3 hxg4 27. hxg4 Nd5 28. Bxd5 Rxd5 29. Re8+ Kh7 30. Kg2 Rxe8 31. Qxe8 1-0


[Site "https://www.chess.com"]

[Event "Titled Tuesday Blitz June 20 Early 2023"]
[White "Liu, Casper"]
[Black "Nikologorsky, Matfei"]
[WhiteFideId "1454153"]
[BlackFideId "24102474"]
[WhiteElo "2221"]
[BlackElo "2153"]
[Result "0-1"]
[Round "6"]
[TimeControl "180+2"]
[Date "2023.06.20"]
[WhiteClock "0:02:31"]
[BlackClock "0:01:29"]
[Board "134"]

1. e4 c5 2. d4 cxd4 3. Qxd4 Nc6 4. Qe3 e6 5. Nc3 a6 6. b3 Qc7 7. Bb2 Nf6 8. O-O-O d6 9. f3 Be7 10. g4 b5 11. h4 Bb7 12. h5 h6 13. Nge2 Nd7 14. a4 bxa4 15. Nxa4 e5 16. Nec3 Bg5 17. Qxg5 hxg5 18. Nd5 Qd8 19. Ba3 Nd4 20. Bxd6 Bxd5 21. exd5 Qf6 22. Ba3 Rc8 23. Bd3 Qxf3 24. Bc4 Rxc4 25. Rhf1 Rxc2+ 26. Kb1 Qxb3+ 27. Bb2 Qxa4 0-1


[Site "https://www.chess.com"]

[Event "Titled Tuesday Blitz June 20 Early 2023"]
[White "Slavin, Alexey"]
[Black "Bilan, Danila"]
[WhiteFideId "24104388"]
[BlackFideId "24161918"]
[WhiteElo "2264"]
[BlackElo "2146"]
[Result "0-1"]
[Round "6"]
[TimeControl "180+2"]
[Date "2023.06.20"]
[WhiteClock "0:00:00"]
[BlackClock "0:00:06"]
[Board "135"]

1. e4 c6 2. d4 d5 3. e5 c5 4. c4 e6 5. dxc5 Bxc5 6. cxd5 exd5 7. Nc3 Ne7 8. f4 Nbc6 9. Nf3 Bf5 10. Bd3 Bxd3 11. Qxd3 O-O 12. a3 Qd7 13. Na4 Nxe5 14. fxe5 Qxa4 15. Bg5 Rfe8 16. Rc1 Rac8 17. b4 Bb6 18. Rxc8 Rxc8 19. Bxe7 Rc1+ 20. Ke2 Rxh1 21. Ng5 g6 22. e6 fxe6 23. Nxe6 a6 24. Bf6 Qb5 25. Ng5 Re1+ 26. Kd2 Rd1+ 27. Kxd1 Qxd3+ 28. Ke1 Be3 0-1


[Site "https://www.chess.com"]

[Event "Titled Tuesday Blitz June 20 Early 2023"]
[White "TomLiu777"]
[Black "Mazarini41"]
[WhiteElo "2390"]
[BlackElo "2503"]
[Result "0-1"]
[Round "6"]
[TimeControl "180+2"]
[Date "2023.06.20"]
[WhiteClock "0:00:42"]
[BlackClock "0:01:09"]
[Board "136"]

1. c4 g5 2. d4 h6 3. h4 g4 4. e4 h5 5. g3 Bg7 6. Bg2 c5 7. Ne2 Nc6 8. d5 Ne5 9. Qc2 b5 10. cxb5 a6 11. Nbc3 axb5 12. O-O b4 13. Nd1 d6 14. Ne3 Nh6 15. Nc4 Nf3+ 16. Bxf3 gxf3 17. Nf4 Ng4 18. Be3 Ba6 19. Rae1 Ne5 20. Nxe5 Bxe5 21. Nd3 Qd7 22. Kh2 Bc8 23. Kg1 Qh3 0-1


[Site "https://www.chess.com"]

[Event "Titled Tuesday Blitz June 20 Early 2023"]
[White "Novikova, Galina"]
[Black "Lehtosaari, Mauri"]
[WhiteFideId "4157095"]
[BlackFideId "501999"]
[WhiteElo "1953"]
[BlackElo "2503"]
[Result "0-1"]
[Round "6"]
[TimeControl "180+2"]
[Date "2023.06.20"]
[WhiteClock "0:00:00"]
[BlackClock "0:00:07"]
[Board "137"]

1. e4 c5 2. Nf3 e6 3. b4 b6 4. bxc5 bxc5 5. c3 Nf6 6. e5 Nd5 7. d4 cxd4 8. cxd4 d6 9. Bd3 Bb7 10. O-O Be7 11. Nbd2 O-O 12. Ne4 Ba6 13. exd6 Bxd6 14. Nxd6 Qxd6 15. a4 Bxd3 16. Qxd3 Rd8 17. Ba3 Qf4 18. Rac1 Nd7 19. g3 Qg4 20. Rfe1 h6 21. Qe4 Qxe4 22. Rxe4 Rac8 23. Ree1 Nc3 24. a5 a6 25. Kg2 Nf6 26. Bc5 Nfd5 27. Ne5 Nb5 28. h4 f6 29. Nf3 Kf7 30. Nd2 h5 31. Ne4 Rc6 32. Rb1 Rdc8 33. Rxb5 axb5 34. Nd6+ Rxd6 35. Bxd6 Ra8 36. Ra1 b4 37. a6 b3 38. Rb1 Rxa6 39. Bc5 Ra2 40. Rxb3 Kg6 41. Rb7 Ne3+ 42. Kf3 Ng4 43. Bf8 Kf5 44. Rb5+ e5 45. Kg2 Rxf2+ 46. Kg1 g6 47. dxe5 fxe5 48. Bg7 Re2 49. Rb6 Ra2 50. Rb4 Ra1+ 51. Kg2 Ra2+ 52. Kg1 Ra3 53. Rb5 Rxg3+ 54. Kf1 Ra3 55. Rb7 Ra1+ 56. Ke2 Ra2+ 57. Kf1 e4 58. Rf7+ Ke6 59. Rf8 e3 60. Re8+ Kd5 61. Rd8+ Ke4 62. Ke1 Rh2 63. Re8+ Kd3 64. Rd8+ Ke4 65. Re8+ Kf3 66. Rf8+ Kg3 67. Bd4 Rh1+ 68. Ke2 Rh2+ 69. Ke1 Kxh4 70. Bxe3 Nxe3 0-1


[Site "https://www.chess.com"]

[Event "Titled Tuesday Blitz June 20 Early 2023"]
[White "a-z30"]
[Black "Zia, Tahsin Tajwar"]
[BlackFideId "10211888"]
[WhiteElo "2502"]
[BlackElo "2062"]
[Result "0-1"]
[Round "6"]
[TimeControl "180+2"]
[Date "2023.06.20"]
[WhiteClock "0:00:00"]
[BlackClock "0:01:14"]
[Board "138"]

1. d3 c6 2. Nf3 d5 3. g3 Bg4 4. Bg2 Nd7 5. O-O e6 6. h3 Bxf3 7. Bxf3 h5 8. h4 Be7 9. e4 g5 10. exd5 cxd5 11. hxg5 Bxg5 12. c4 h4 13. g4 Ne5 14. Bg2 Bxc1 15. Qxc1 h3 16. Bxd5 exd5 17. Re1 h2+ 18. Kh1 Qf6 19. f4 O-O-O 20. Rxe5 dxc4 21. Qxc4+ Kb8 22. Nd2 Nh6 23. g5 Qg6 24. Re7 Ka8 25. Qc7 Rb8 26. gxh6 Rhg8 0-1


[Site "https://www.chess.com"]

[Event "Titled Tuesday Blitz June 20 Early 2023"]
[White "Lalanne, Pablo"]
[Black "Tokhirjonova, Gulrukhbegim"]
[WhiteFideId "112151"]
[BlackFideId "14203626"]
[WhiteElo "2120"]
[BlackElo "2265"]
[Result "0-1"]
[Round "6"]
[TimeControl "180+2"]
[Date "2023.06.20"]
[WhiteClock "0:00:00"]
[BlackClock "0:00:49"]
[Board "139"]

1. e4 e5 2. Nf3 Nc6 3. Bb5 a6 4. Ba4 Nf6 5. O-O b5 6. Bb3 Be7 7. Re1 d6 8. c3 O-O 9. h3 Na5 10. Bc2 c5 11. d4 cxd4 12. cxd4 Nc6 13. Be3 Bd7 14. Nbd2 Rc8 15. Nf1 Nb4 16. Bb1 exd4 17. Nxd4 Re8 18. a3 Nc6 19. Ng3 Bf8 20. Ndf5 Be6 21. Bd3 Na5 22. Rc1 Qd7 23. Bd4 Bb3 24. Qf3 Qe6 25. Bc3 Nc4 26. Nd4 Ne5 27. Qe2 Nxd3 28. Nxe6 Nxc1 29. Rxc1 Bxe6 30. Qd2 Nd7 31. f4 Nb6 32. f5 Nc4 33. Qg5 h6 34. Qg4 Bd7 35. Bxg7 Ne3 36. Qf3 Rxc1+ 37. Kh2 Bxg7 38. Qxe3 Rc4 39. Nh5 Be5+ 40. g3 Kh7 41. h4 d5 42. exd5 Bxf5 43. Qf3 Rc2+ 44. Kh1 Bg6 45. Nf6+ Bxf6 46. Qxf6 Re1+ 0-1


[Site "https://www.chess.com"]

[Event "Titled Tuesday Blitz June 20 Early 2023"]
[White "Ritvin, Stanislav"]
[Black "Devaev, Alexander"]
[WhiteFideId "2011751"]
[BlackFideId "4169395"]
[WhiteElo "2380"]
[BlackElo "2172"]
[Result "1-0"]
[Round "6"]
[TimeControl "180+2"]
[Date "2023.06.20"]
[WhiteClock "0:00:27"]
[BlackClock "0:00:00"]
[Board "140"]

1. d4 Nf6 2. c4 e6 3. Nf3 c5 4. d5 d6 5. Nc3 e5 6. e4 a6 7. Be2 Be7 8. Be3 Bg4 9. Nd2 Bc8 10. O-O Nbd7 11. a3 O-O 12. b4 b6 13. Rb1 Ne8 14. Qc2 g6 15. Na4 f5 16. f3 f4 17. Bf2 Bh4 18. Bxh4 Qxh4 19. bxc5 bxc5 20. Nb6 Nxb6 21. Rxb6 Qe7 22. Rfb1 g5 23. Rb8 Rxb8 24. Rxb8 Qc7 25. Qb2 Rf7 26. Qb6 Qxb6 27. Rxb6 Rb7 28. Rxb7 Bxb7 29. Nb3 Bc8 30. Na5 Kf7 31. Bd1 Bd7 32. Kf2 Ke7 33. Ke1 Kd8 34. Kd2 Kc7 35. Kc3 Kb6 36. Nb3 Ba4 37. Bc2 Bxb3 38. Bxb3 h5 39. Ba4 Nf6 40. h3 g4 41. hxg4 hxg4 42. Kd2 Ka5 43. Bc6 g3 44. Kd3 Ng8 45. Kd2 Ne7 46. Bd7 Ng6 47. Ke2 Nf8 48. Bc6 Ng6 49. Be8 Ne7 50. Bd7 Kb6 51. Kd3 Kc7 52. Be8 Nc8 53. Bc6 Na7 54. Be8 Kd8 55. Ba4 Ke7 56. Kd2 Nc8 57. Bc6 Nb6 58. Kd3 Kd8 59. Kc3 Kc7 60. Kd3 Nc8 61. Be8 Ne7 62. Kd2 Kd8 63. Ba4 Ng6 64. Ke2 Kc7 65. Ke1 Nf8 66. Ke2 Kb6 67. Be8 Ka5 68. Bc6 Kb6 69. Be8 Kc7 70. Ba4 Ng6 71. Be8 Ne7 72. Ba4 Nc8 73. Kd3 Kb6 74. Bd7 Na7 75. Kc3 Ka5 76. Kb3 Kb6 77. Ka4 Kb7 78. Ka5 Kc7 79. Kxa6 Kb8 80. Kb6 1-0


[Site "https://www.chess.com"]

[Event "Titled Tuesday Blitz June 20 Early 2023"]
[White "Petrova, Irina"]
[Black "Shuvalov, Evgenij"]
[WhiteFideId "14124122"]
[BlackFideId "4187237"]
[WhiteElo "2084"]
[BlackElo "2080"]
[Result "0-1"]
[Round "6"]
[TimeControl "180+2"]
[Date "2023.06.20"]
[WhiteClock "0:00:13"]
[BlackClock "0:01:50"]
[Board "141"]

1. e4 e6 2. d4 d5 3. Nc3 Bb4 4. Ne2 Nc6 5. a3 Ba5 6. b4 Bb6 7. e5 Qh4 8. Be3 f6 9. exf6 Nxf6 10. g3 Qh5 11. Bg2 O-O 12. Na4 Bd7 13. Nxb6 axb6 14. Qd2 Ne4 15. Bxe4 dxe4 16. O-O e5 17. dxe5 Nxe5 18. Qd5+ Kh8 19. Nf4 Nf3+ 0-1


[Site "https://www.chess.com"]

[Event "Titled Tuesday Blitz June 20 Early 2023"]
[White "Goltseva, Ekaterina"]
[Black "Topalov, Aleksandar"]
[WhiteFideId "24173770"]
[BlackFideId "925659"]
[WhiteElo "2114"]
[BlackElo "2151"]
[Result "0-1"]
[Round "6"]
[TimeControl "180+2"]
[Date "2023.06.20"]
[WhiteClock "0:00:00"]
[BlackClock "0:00:18"]
[Board "142"]

1. Nf3 Nf6 2. c4 g6 3. Nc3 Bg7 4. e4 O-O 5. d4 c5 6. d5 d6 7. h3 Na6 8. Bd3 Nc7 9. O-O e5 10. Bg5 h6 11. Be3 Nh5 12. Qd2 g5 13. Rfe1 Nf4 14. Bf1 Qf6 15. Nh2 Qg6 16. Kh1 f5 17. g3 fxe4 18. gxf4 exf4 19. Bg2 fxe3 20. fxe3 Bf5 21. Nf1 Be5 22. Qc2 g4 23. Bxe4 gxh3 24. Nh2 Kh8 25. Rg1 Bxe4+ 26. Nxe4 Qh7 27. Rg4 Rae8 28. Rag1 Re7 29. Rg6 Ne8 30. Nc3 Rg7 31. Qe4 Bxc3 32. bxc3 Re7 33. Qg4 Nf6 34. Qh4 Ng8 35. Qxh3 a6 36. Qg3 Rd7 37. Nf3 Nf6 38. Nh4 Ne4 39. Qg2 Ng5 40. Rxg5 hxg5 41. Qxg5 Rg7 42. Qxg7+ Qxg7 43. Rxg7 Kxg7 44. Kg2 Kf6 45. Nf3 Kf5 46. Kf2 Ke4 47. Ke2 Rxf3 0-1


[Site "https://www.chess.com"]

[Event "Titled Tuesday Blitz June 20 Early 2023"]
[White "Ginzburg, Yakov"]
[Black "Melikhov, Evgeny V."]
[WhiteFideId "4157176"]
[BlackFideId "4122046"]
[WhiteElo "2305"]
[BlackElo "2158"]
[Result "0-1"]
[Round "6"]
[TimeControl "180+2"]
[Date "2023.06.20"]
[WhiteClock "0:01:04"]
[BlackClock "0:01:05"]
[Board "143"]

1. d4 Nf6 2. c4 e6 3. g3 d5 4. Bg2 dxc4 5. Nf3 Nc6 6. O-O Rb8 7. Ne5 Nxe5 8. dxe5 Qxd1 9. Rxd1 Nd7 10. f4 Bc5+ 11. Kf1 b5 12. Nc3 Bb7 13. Ne4 Bxe4 14. Bxe4 Ke7 15. a4 a6 16. a5 f5 17. Bc6 Rbd8 18. Bd2 Nb8 19. Bb7 c6 20. Be1 Rxd1 21. Rxd1 Rd8 22. Rxd8 Kxd8 23. g4 g6 24. h4 Kc7 25. Ba8 Nd7 26. gxf5 gxf5 27. Bd2 Bd4 28. Bc1 Nc5 29. e3 Nd3 30. exd4 Nxc1 31. h5 h6 0-1


[Site "https://www.chess.com"]

[Event "Titled Tuesday Blitz June 20 Early 2023"]
[White "Aggelis, Nikolaos"]
[Black "arenal72"]
[WhiteFideId "4213220"]
[WhiteElo "2189"]
[BlackElo "2360"]
[Result "1-0"]
[Round "6"]
[TimeControl "180+2"]
[Date "2023.06.20"]
[WhiteClock "0:00:24"]
[BlackClock "0:00:02"]
[Board "144"]

1. c4 e6 2. g3 d5 3. Bg2 dxc4 4. Nf3 Nd7 5. Qa4 a6 6. Qxc4 b5 7. Qc2 Bb7 8. O-O Ngf6 9. d3 c5 10. a4 Be7 11. axb5 axb5 12. Rxa8 Bxa8 13. Nc3 Qb6 14. Qb3 Bc6 15. Bg5 O-O 16. Ra1 h6 17. Bxf6 Bxf6 18. Nd2 Bxg2 19. Kxg2 Rb8 20. Nde4 Be7 21. Kg1 Ne5 22. Nd2 c4 23. dxc4 bxc4 24. Qxb6 Rxb6 25. Ra8+ Kh7 26. Na4 Rb4 27. Ne4 Nc6 28. Nec3 Bf6 29. Rc8 Ne7 30. Rc5 Bxc3 31. Nxc3 Rxb2 32. Rxc4 Kg6 33. Kf1 f5 34. e4 Kf6 35. exf5 exf5 36. Rc7 Rd2 37. Ke1 Rd6 38. Kf1 g5 39. Rc4 Ng6 40. Nb5 Re6 41. Nd4 Rd6 42. Nb5 Rb6 43. Nc7 Ne7 44. Rc1 h5 45. Re1 Rc6 46. Nb5 Nd5 47. Nd4 Rc4 48. Rd1 Nc3 49. Rd3 Ne4 50. Ne2 g4 51. f3 h4 52. fxe4 fxe4 53. Rc3 Ke5 54. Rxc4 1-0


[Site "https://www.chess.com"]

[Event "Titled Tuesday Blitz June 20 Early 2023"]
[White "Khamdamova, Afruza"]
[Black "Spichkin, Alexander"]
[WhiteFideId "14210444"]
[BlackFideId "4144074"]
[WhiteElo "2312"]
[BlackElo "1986"]
[Result "1-0"]
[Round "6"]
[TimeControl "180+2"]
[Date "2023.06.20"]
[WhiteClock "0:00:40"]
[BlackClock "0:00:42"]
[Board "145"]

1. e4 e5 2. Nf3 d5 3. Nxe5 Bd6 4. d4 dxe4 5. Nc4 Nf6 6. Bg5 Be7 7. Be2 O-O 8. O-O Nc6 9. c3 Nd5 10. Bxe7 Qxe7 11. Ne3 Nxe3 12. fxe3 Qg5 13. Qd2 f5 14. c4 Bd7 15. Nc3 Rad8 16. Nd5 Rc8 17. b4 Be6 18. Nf4 Bf7 19. b5 Ne7 20. Qa5 c6 21. Qxa7 cxb5 22. cxb5 Rc2 23. Qxb7 Ng6 24. a4 Nxf4 25. exf4 Qf6 26. Rae1 Qxd4+ 27. Kh1 Rxe2 28. Rxe2 Bc4 29. Ree1 Bxf1 30. Rxf1 e3 31. Qe7 Qd2 32. b6 e2 33. Rg1 Qd1 34. a5 h6 35. b7 Rf7 36. Qe8+ Kh7 37. b8=Q Rd7 38. Qg8+ Kg6 39. Qbe8+ Kf6 40. Qgf8+ 1-0


[Site "https://www.chess.com"]

[Event "Titled Tuesday Blitz June 20 Early 2023"]
[White "Reprintsev, Alexander"]
[Black "Vaglio Munoz, Jaime"]
[WhiteFideId "14100541"]
[BlackFideId "6500145"]
[WhiteElo "2229"]
[BlackElo "2199"]
[Result "1-0"]
[Round "6"]
[TimeControl "180+2"]
[Date "2023.06.20"]
[WhiteClock "0:00:10"]
[BlackClock "0:00:01"]
[Board "146"]

1. e4 c5 2. b3 Qa5 3. Bb2 Nf6 4. Nc3 Nc6 5. Nf3 d6 6. Bb5 Bd7 7. Qe2 e5 8. O-O a6 9. Bxc6 bxc6 10. Nd1 Bg4 11. Bc3 Qc7 12. h3 Bh5 13. d3 Be7 14. Ne3 Bxf3 15. Qxf3 g6 16. Qg3 Nh5 17. Qh2 Nf4 18. Rfe1 Qd7 19. h4 h5 20. g3 Ne6 21. f4 Nd4 22. Rf1 f6 23. f5 gxf5 24. Bxd4 cxd4 25. Nxf5 Rg8 26. Kg2 O-O-O 27. Rf2 Rg4 28. Raf1 Rdg8 29. Kf3 Bd8 30. Ke2 d5 31. exd5 Qxd5 32. Kd1 e4 33. dxe4 Rxe4 34. Kc1 d3 35. cxd3 Qxd3 36. Rd1 Qc3+ 37. Kb1 Bb6 38. Nd6+ Kb8 39. Nxe4 Qe3 40. Re2 Qh6 41. g4+ Bc7 42. Qf2 hxg4 43. Qxf6 Qh7 44. Kb2 Re8 45. Rd4 Be5 46. Qxc6 Bxd4+ 47. Ka3 Qe7+ 48. b4 Qc7 49. Qxe8+ Kb7 50. Qe6 Qc1+ 51. Kb3 Qb1+ 52. Kc4 Bb6 53. Qd5+ Ka7 54. Nc3 Qh7 55. Re6 Qc7+ 56. Qc6 Qf4+ 57. Kb3 Qf7 58. Qxb6+ Ka8 59. Qxa6+ Kb8 60. Qb6+ Ka8 61. Qc6+ Ka7 62. Qc5+ Ka8 63. Qd5+ Ka7 64. Ra6+ Kxa6 65. Qxf7 Kb6 66. Qe6+ Kc7 67. Nd5+ Kb7 68. Qb6+ Ka8 69. Nc7# 1-0


[Site "https://www.chess.com"]

[Event "Titled Tuesday Blitz June 20 Early 2023"]
[White "Rios Escobar, Adan"]
[Black "Jiganchine, Roman"]
[WhiteFideId "3403645"]
[BlackFideId "2603667"]
[WhiteElo "2486"]
[BlackElo "2321"]
[Result "1-0"]
[Round "6"]
[TimeControl "180+2"]
[Date "2023.06.20"]
[WhiteClock "0:00:08"]
[BlackClock "0:00:01"]
[Board "147"]

1. d4 d5 2. g3 Nf6 3. Nf3 c6 4. c4 Bf5 5. Nc3 e6 6. Nh4 Be4 7. f3 Bg6 8. Qb3 Qb6 9. Nxg6 hxg6 10. c5 Qc7 11. e4 Nbd7 12. e5 Bxc5 13. exf6 Bxd4 14. fxg7 Bxg7 15. Bf4 e5 16. Bd2 O-O 17. Bg2 Nc5 18. Qc2 e4 19. O-O Qb6 20. Kh1 exf3 21. Rxf3 d4 22. Ne4 Nxe4 23. Qxe4 Qxb2 24. Rd1 Rae8 25. Qb1 Qxb1 26. Rxb1 Re2 27. Rd3 c5 28. Bf1 Re7 29. Ra3 a6 30. Rb6 Rc8 31. Bg2 c4 32. Rxb7 c3 33. Rxe7 cxd2 34. Bf3 Rc1+ 35. Kg2 Re1 36. Rd7 d1=Q 37. Bxd1 Rxd1 38. Rxa6 Rd2+ 39. Kh3 Rf2 40. Raa7 Be5 41. a4 Kg7 42. a5 Kh6 43. Rxf7 Rb2 44. Rae7 Bd6 45. Rh7+ Kg5 46. Re4 Bc5 47. Re5+ Kf6 48. Rxc5 1-0


[Site "https://www.chess.com"]

[Event "Titled Tuesday Blitz June 20 Early 2023"]
[White "Ziatdinov, Raset"]
[Black "Vovk, Orest"]
[WhiteFideId "2015323"]
[BlackFideId "14113490"]
[WhiteElo "2220"]
[BlackElo "2215"]
[Result "1-0"]
[Round "6"]
[TimeControl "180+2"]
[Date "2023.06.20"]
[WhiteClock "0:01:21"]
[BlackClock "0:00:37"]
[Board "148"]

1. e4 g5 2. d4 g4 3. h3 d5 4. e5 c5 5. c3 Nc6 6. hxg4 Qb6 7. dxc5 Qxc5 8. f4 h5 9. Na3 Bxg4 10. Be2 O-O-O 11. Bxg4+ hxg4 12. Rxh8 Qxg1+ 13. Kd2 Qxg2+ 14. Qe2 Qg3 15. Rxg8 d4 16. Qxg4+ Qxg4 17. Rxg4 dxc3+ 18. Kxc3 e6 19. Nc2 b5 20. b4 a5 21. a3 a4 22. Be3 Ne7 23. Rg2 Nd5+ 24. Kb2 Bh6 25. Rd1 Kb7 26. Bc1 Rc8 27. Ne1 Nb6 28. Nd3 Nc4+ 29. Ka2 Bf8 30. Nc5+ Bxc5 31. bxc5 Rxc5 32. Rd7+ Ka6 33. Rxf7 Rd5 34. Rf6 b4 35. axb4 Kb5 36. Rxe6 Rd1 37. Rc2 Kxb4 38. f5 a3 39. Rc6 Na5 40. Bd2+ Ka4 41. Bxa5 Kxa5 42. f6 1-0


[Site "https://www.chess.com"]

[Event "Titled Tuesday Blitz June 20 Early 2023"]
[White "Rodriguez Polo, Mateo"]
[Black "Morgunov, Anatoly"]
[WhiteFideId "24509396"]
[BlackFideId "4145909"]
[WhiteElo "2117"]
[BlackElo "2237"]
[Result "1-0"]
[Round "6"]
[TimeControl "180+2"]
[Date "2023.06.20"]
[WhiteClock "0:01:43"]
[BlackClock "0:01:08"]
[Board "149"]

1. Nf3 Nf6 2. c4 e6 3. g3 d5 4. Bg2 Be7 5. O-O c5 6. b3 d4 7. e3 Nc6 8. exd4 cxd4 9. Bb2 O-O 10. Re1 Bc5 11. d3 Re8 12. a3 a5 13. Ne5 Nxe5 14. Rxe5 Bd6 15. Rb5 e5 16. Nd2 Qc7 17. b4 axb4 18. axb4 Rxa1 19. Qxa1 b6 20. c5 bxc5 21. bxc5 Bxc5 22. Nc4 e4 23. Qa5 Ba7 24. Qxc7 exd3 25. Qxa7 Re1+ 26. Bf1 Bh3 27. Rb8+ Ne8 28. Nd2 Bxf1 29. Nxf1 d2 30. Rxe8+ Rxe8 31. Qxd4 d1=Q 32. Qxg7# 1-0


[Site "https://www.chess.com"]

[Event "Titled Tuesday Blitz June 20 Early 2023"]
[White "Papayan, Oleg"]
[Black "Antonio, Jorge Carlos"]
[WhiteFideId "4193911"]
[BlackFideId "113190"]
[WhiteElo "2167"]
[BlackElo "2247"]
[Result "1-0"]
[Round "6"]
[TimeControl "180+2"]
[Date "2023.06.20"]
[WhiteClock "0:00:40"]
[BlackClock "0:00:07"]
[Board "150"]

1. e4 c5 2. d4 cxd4 3. Qxd4 Nc6 4. Qd3 e6 5. Nc3 a6 6. Qg3 d6 7. Nf3 g6 8. e5 d5 9. Bg5 Be7 10. h4 h6 11. Bxe7 Ngxe7 12. Bd3 Nb4 13. O-O-O Nxd3+ 14. Rxd3 Nf5 15. Qg4 Bd7 16. h5 g5 17. Qb4 b5 18. g4 Ne7 19. Nd4 Qc7 20. Re1 a5 21. Ncxb5 Bxb5 22. Nxb5 Qd7 23. Nd6+ Kf8 24. Qd2 Kg7 25. f4 gxf4 26. Qxf4 Ng8 27. g5 hxg5 28. Qxg5+ Kf8 29. Rf3 Rh7 30. Rg1 Nh6 31. Qg6 Rh8 32. Qg7+ Ke7 33. Qf6+ Kf8 34. Qxh8+ Ke7 35. Qf6+ 1-0


[Site "https://www.chess.com"]